 Dungeon Crawl Stone Soup version 0.21.1-1-g345015fe64 (webtiles) character file.

8897 Kejsarherre the Thaumaturge (level 11, -18/81 HPs)
             Began as a Mummy Conjurer on May 12, 2018.
             Was a Believer of Vehumet.
             Hit by a large rock thrown by a cyclops (28 damage)
             ... on level 10 of the Dungeon.
             The game lasted 00:40:58 (12803 turns).

Kejsarherre the Thaumaturge (Mummy Conjurer)       Turns: 12803, Time: 00:40:59

Health: -18/81     AC:  4    Str: 15    XL:     11   Next: 15%
Magic:  19/25      EV: 12    Int: 22    God:    Vehumet [**....]
Gold:   620        SH:  3    Dex: 13    Spells: 14/30 levels left

rFire    x . .     SeeInvis .   a - +0 short sword (freeze)
rCold    + . .     Gourm    .   (no shield)
rNeg     + + +     Faith    .   f - +0 leather armour
rPois    ∞         Spirit   .   (no helmet)
rElec    .         Reflect  +   (no cloak)
rCorr    .         Harm     .   x - +0 pair of gloves (curse)
MR       +....                  (no boots)
Stlth    ++........             v - +3 amulet of reflection
HPRegen  0.23/turn              w - +3 ring of strength
MPRegen  0.19/turn              B - +5 ring of intelligence

@: barbed spikes
A: no food or potions, fire vulnerability, cold resistance 1, negative energy
resistance 3, torment resistance, unbreathing
a: Renounce Religion


You were on level 10 of the Dungeon.
You worshipped Vehumet.
Vehumet was pleased with you.
You were not hungry.

You visited 2 branches of the dungeon, and saw 12 of its levels.

You collected 620 gold pieces.

Inventory:

Hand Weapons
 a - a +0 short sword of freezing (weapon)
 n - a +2 whip of flaming
Armour
 f - a +0 leather armour (worn)
 x - a cursed +0 pair of gloves (worn)
Magical Staves
 e - an uncursed staff of summoning
 D - an uncursed staff of poison
Jewellery
 h - an uncursed amulet of harm
 k - an uncursed ring of ice
 v - a +3 amulet of reflection (around neck)
 w - a +3 ring of strength (left hand)
 y - an uncursed amulet of guardian spirit
 B - a +5 ring of intelligence (right hand)
 E - an uncursed amulet of rage {unknown}
Wands
 m - a wand of random effects (46)
 q - a wand of acid (7)
 s - a wand of polymorph (24)
 t - a wand of iceblast (21)
 A - a wand of flame (20)
 C - a wand of paralysis (6)
Scrolls
 c - 7 scrolls of remove curse
 d - 3 scrolls of fog
 g - 4 scrolls of identify
 i - 6 scrolls of teleportation
 o - a scroll of enchant weapon
 p - 2 scrolls of enchant armour
 r - 3 scrolls of immolation
 z - a scroll of magic mapping {unknown}
 F - a scroll of amnesia {unknown}
Books
 b - a book of Conjurations

   Spells                             Type                      Level
   a - Magic Dart                     Conjuration                  1
   b - Searing Ray                    Conjuration                  2
   c - Dazzling Spray                 Conjuration/Hexes            3
   d - Fulminant Prism                Conjuration/Hexes            4
   e - Force Lance                    Conjuration/Translocation    4
   f - Iskenderun's Mystic Blast      Conjuration                  4
 j - a book of Necromancy

   Spells                             Type                      Level
   a - Pain                           Necromancy                   1
   b - Animate Skeleton               Necromancy                   1
   c - Vampiric Draining              Necromancy                   3
   d - Regeneration                   Charms/Necromancy            3
   e - Animate Dead                   Necromancy                   4
   f - Borgnjor's Vile Clutch         Necromancy/Earth             5
 l - a book of Changes

   Spells                             Type                      Level
   a - Beastly Appendage              Transmutation                1
   b - Sticks to Snakes               Transmutation                2
   c - Spider Form                    Transmutation/Poison         3
   d - Ice Form                       Ice/Transmutation            4
   e - Blade Hands                    Transmutation                5
 u - a book of Minor Magic

   Spells                             Type                      Level
   a - Magic Dart                     Conjuration                  1
   b - Blink                          Translocation                2
   c - Call Imp                       Summoning                    2
   d - Slow                           Hexes                        2
   e - Conjure Flame                  Conjuration/Fire             3
   f - Mephitic Cloud                 Conjuration/Poison/Air       3


   Skills:
 - Level 6.1 Fighting
 - Level 1.5 Dodging
 - Level 1.5 Stealth
 - Level 10.0 Spellcasting
 * Level 9.8 Conjurations
 - Level 2.1 Summonings
 + Level 5.5 Necromancy
 - Level 2.1 Translocations
 + Level 4.5 Earth Magic


You had 14 spell levels left.
You knew the following spells:

 Your Spells              Type           Power        Failure   Level  Hunger
a - Magic Dart            Conj           ####         1%          1    N/A
b - Searing Ray           Conj           ######       1%          2    N/A
c - Iskenderun's Mystic   Conj           ######..     1%          4    N/A
d - Blink                 Tloc           N/A          4%          2    N/A
e - Call Imp              Summ           ###.....     4%          2    N/A
f - Borgnjor's Vile Clut  Necr/Erth      ####......   26%         5    N/A

Dungeon Overview and Level Annotations

Branches:
Dungeon (11/15)            Temple (1/1) D:6
   Lair: D:8-11         Orc: D:9-12

Altars:
Ashenzari
Cheibriados
Dithmenos
Elyvilon
Fedhas
Gozag
Hepliaklqana
Kikubaaqudgha
Makhleb
Nemelex Xobeh
Okawaru
Qazlal
Ru
Sif Muna
Trog
Uskayaw
Vehumet
Wu Jian
Xom
Yredelemnul
Zin
The Shining One

Shops:
D:10 !

Annotations:
D:4 Dickchan's ghost, amateur DrTm
D:6 2 transporters
D:9 Kuruc's ghost, novice MiFi


Innate Abilities, Weirdness & Mutations

You do not eat or drink.
Your flesh is vulnerable to fire.
You are immune to poison.
Your flesh is cold resistant. (rC+)
You are immune to negative energy. (rN+++)
You are immune to unholy pain and torment.
You can survive without breathing.


Message History

The kobold throws a stone.
The stone closely misses you.
The stone hits the red ugly thing.
The kobold throws a stone.
The stone hits you but does no damage. The red ugly thing closely misses you.
The cyclops barely misses you.
The basilisk hisses angrily.
You climb upwards.
There is a stone staircase leading down here.
Unknown command.
Unknown command.
Casting: Magic Dart
Confirm with . or Enter, or press ? or * to list all spells.
Okay, then.
Unknown command.
Casting: Magic Dart
Confirm with . or Enter, or press ? or * to list all spells.
You blink.
As you read the scroll of fog, it crumbles to dust.
The scroll dissolves into smoke.
The cyclops throws a large rock.
The large rock hits you!!
You die...

...#....#....##...#
...#....'....##%..#
...#....#.....#.u§#
...#....#.....#..C#
...#....#.....#...#
...#....#....##...#
...##'####...##...#
##.....####'###§§§#
.#.....#......#§@§#
.'.....#......'§§§#
.#.....#......#...#
##.....#..#########
.....#######.##...#
.....# #.......#
.....# #.......#
.....# #.......#
.....# #.......#


You could see a red ugly thing and a cyclops.

Vanquished Creatures
  A hydra (D:8)
  4 two-headed ogres
  Pikel (D:5)
  Prince Ribbit (D:9)
  A hippogriff (D:9)
  2 dream sheep (D:8)
  Sigmund (D:6)
  2 yaks (D:8)
  2 hungry ghosts
  Edmund (D:6)
  4 orc warriors
  2 ice beasts
  3 slaves (D:5)
  A black bear (D:8)
  A sky beast (D:8)
  An ogre (D:7)
  A phantom (D:8)
  3 centaurs
  3 big kobolds (D:8)
  5 bullfrogs
  2 scorpions
  3 killer bees (D:8)
  An electric eel (D:6)
  5 crimson imps
  2 centaur zombies
  3 jellies
  2 bullfrog skeletons
  7 hounds
  A gnoll shaman (D:5)
  6 orc priests
  A centaur skeleton (D:10)
  Terence (D:3)
  2 iguanas (D:8)
  7 orc wizards
  6 worker ants
  A hound skeleton (D:5)
  10 gnolls
  11 adders
  A shadow imp (D:5)
  2 oozes (D:2)
  4 worms
  A dart slug (D:1)
  3 leopard geckos
  32 orcs
  7 bats
  5 giant cockroaches
  7 goblins
  9 hobgoblins
  13 jackals
  7 kobolds
  3 quokkas
  A ball python (D:5)
  7 frilled lizards
  A jackal skeleton (D:6)
  A jackal zombie (D:5)
  A leopard gecko zombie (D:7)
  A quokka skeleton (D:9)
  4 rats
  2 plants (D:6)
223 creatures vanquished.

Vanquished Creatures (others)
  5 toadstools (D:1)
5 creatures vanquished.

Grand Total: 228 creatures vanquished

Notes
Turn   | Place    | Note
-------+----------+-------------------------------------------
     0 | D:1      | Kejsarherre the Mummy Conjurer began the quest for the Orb.
     0 | D:1      | Reached XP level 1. HP: 13/13 MP: 4/4
   233 | D:1      | Reached XP level 2. HP: 10/19 MP: 0/5
  1057 | D:2      | Learned a level 2 spell: Searing Ray
  1115 | D:2      | Reached XP level 3. HP: 24/24 MP: 4/7
  1549 | D:2      | Found a faded altar of an unknown god.
  1707 | D:2      | Reached XP level 4. HP: 30/30 MP: 6/8
  1806 | D:2      | Found a white marble altar of Elyvilon.
  1967 | D:3      | Noticed Terence
  1989 | D:3      | Killed Terence
  1989 | D:3      | Reached skill level 5 in Conjurations
  2077 | D:3      | Found a shadowy altar of Dithmenos.
  2310 | D:3      | Reached XP level 5. HP: 29/35 MP: 3/9
  2796 | D:4      | Noticed Dickchan's ghost (amateur DrTm)
  2831 | D:4      | Learned a level 4 spell: Iskenderun's Mystic Blast
  3629 | D:5      | Entered Level 5 of the Dungeon
  3731 | D:5      | Noticed Pikel
  3731 | D:5      | Noticed a slave
  3731 | D:5      | Noticed a slave
  3731 | D:5      | Noticed a slave
  3732 | D:5      | Noticed a slave
  4443 | D:5      | Reached skill level 3 in Spellcasting
  4443 | D:5      | Reached XP level 6. HP: 23/41 MP: 3/11
  4577 | D:5      | Found a basalt altar of Yredelemnul.
  4611 | D:5      | Reached skill level 4 in Spellcasting
  4661 | D:5      | Noticed an ice beast
  4688 | D:5      | Killed a slave
  5011 | D:5      | Killed a slave
  5011 | D:5      | Killed a slave
  5120 | D:5      | Killed Pikel
  5120 | D:5      | Reached skill level 7 in Spellcasting
  5120 | D:5      | Reached XP level 7. HP: 38/46 MP: 4/18
  5126 | D:5      | Reached skill level 8 in Spellcasting
  5568 | D:6      | Noticed Edmund
  5580 | D:6      | Killed Edmund
  5580 | D:6      | Reached skill level 9 in Spellcasting
  5580 | D:6      | Reached XP level 8. HP: 48/52 MP: 11/21
  5612 | D:6      | Found a transporter.
  5612 | D:6      | Found a transporter.
  5759 | D:6      | Reached skill level 10 in Spellcasting
  5839 | D:6      | Reached skill level 1 in Fighting
  5927 | D:6      | Learned a level 2 spell: Blink
  5930 | D:6      | Learned a level 2 spell: Call Imp
  5938 | D:6      | Found a burning altar of Makhleb.
  6161 | D:6      | Noticed Sigmund
  6169 | D:6      | Killed Sigmund
  6433 | D:6      | Found a staircase to the Ecumenical Temple.
  6930 | Temple   | Entered the Ecumenical Temple
  7221 | Temple   | Became a worshipper of Vehumet
  7290 | D:7      | Reached skill level 5 in Fighting
  7626 | D:7      | Reached XP level 9. HP: 64/69 MP: 11/23
  7942 | D:7      | Found an ancient bone altar of Kikubaaqudgha.
  8362 | D:8      | Reached skill level 1 in Summonings
  8362 | D:8      | Reached skill level 1 in Translocations
  8807 | D:8      | Reached * piety under Vehumet
  8807 | D:8      | Offered knowledge of Sting by Vehumet.
  8820 | D:8      | Learned a level 5 spell: Borgnjor's Vile Clutch
  8947 | D:8      | Reached skill level 1 in Necromancy
  8950 | D:8      | Reached skill level 1 in Earth Magic
  9241 | D:8      | Noticed a two-headed ogre
  9245 | D:8      | Killed a two-headed ogre
  9245 | D:8      | Reached XP level 10. HP: 76/76 MP: 7/24
  9531 | D:8      | Noticed a two-headed ogre
  9542 | D:8      | Killed a two-headed ogre
  9644 | D:8      | Noticed a three-headed hydra
  9891 | D:8      | Killed a three-headed hydra
 10047 | D:9      | Noticed a two-headed ogre
 10082 | D:9      | Noticed a two-headed ogre
 10093 | D:9      | Killed a two-headed ogre
 10350 | D:9      | Found a blossoming altar of Fedhas.
 10357 | D:9      | Noticed Kuruc's ghost (novice MiFi)
 10513 | D:9      | Noticed Prince Ribbit
 10520 | D:9      | Killed Prince Ribbit
 11120 | D:9      | Killed a two-headed ogre
 11120 | D:9      | Reached skill level 5 in Necromancy
 11226 | D:10     | Entered Level 10 of the Dungeon
 11586 | D:10     | Reached XP level 11. HP: 74/81 MP: 9/25
 11796 | D:10     | Offered knowledge of Freeze by Vehumet.
 11798 | D:10     | Reached ** piety under Vehumet
 11818 | D:10     | Found Ykid's Distillery.
 12697 | D:11     | Noticed a death yak
 12799 | D:11     | Noticed a red ugly thing
 12803 | D:10     | Hit by a large rock thrown by a cyclops

Skill      XL: |  1  2  3  4  5  6  7  8  9 10 |
---------------+-------------------------------+-----
Conjurations   | 4 5 6 7 9 |  9.8
Spellcasting   | 3 7 9 10 | 10.0
Fighting       | 6 |  6.1
Summonings     | 2 |  2.1
Translocations | 2 |  2.1
Necromancy     | 2 5 |  5.5
Earth Magic    | 2 4 |  4.5
Dodging        | |  1.5
Stealth        | |  1.5

Action                   |  1- 3 |  4- 6 |  7- 9 | 10-12 || total
-------------------------+-------+-------+-------+-------++-------
Melee: Unarmed           |     9 |       |       |       ||     9
       Dagger            |    19 |       |       |       ||    19
       Short sword       |    33 |    76 |    81 |    15 ||   205
       Whip              |       |       |     8 |       ||     8
 Cast: Magic Dart        |    61 |    81 |   108 |    98 ||   348
       Searing Ray       |     2 |    24 |    43 |    25 ||    94
       Iskenderun's Myst |       |       |     6 |    39 ||    45
       Call Imp          |       |       |     1 |    16 ||    17
       Blink             |       |       |     1 |    11 ||    12
Evoke: Wand              |       |     3 |       |     3 ||     6
  Use: Scroll            |     1 |     3 |     4 |     1 ||     9
 Stab: Sleeping          |       |     1 |     1 |       ||     2
Armor: Robe              |     1 |       |       |       ||     1
       Leather armour    |    16 |    37 |    19 |    16 ||    88
Dodge: Dodged            |    54 |   111 |    45 |    61 ||   271
Block: Other             |       |       |     6 |    15 ||    21
       Reflection        |       |       |       |     2 ||     2
